 Dungeon Crawl Stone Soup version 0.23.2-30-g0e89c35649 (webtiles) character file.

Game seed: 3799778474751295148

80 PentaManta the Shooter (level 4, -1/36 HPs)
             Began as a Centaur Hunter on June 10, 2019.
             Slain by a leopard gecko (2 damage)
             ... on level 2 of the Dungeon.
             The game lasted 00:03:12 (1720 turns).

PentaManta the Shooter (Centaur Hunter)             Turns: 1720, Time: 00:03:12

Health: -1/36      AC:  4    Str: 15    XL:     4   Next: 18%
Magic:  4/4        EV:  9    Int: 10    God:
Gold:   32         SH:  0    Dex: 10    Spells: 3/3 levels left

rFire    . . .     SeeInvis .   a - +1 shortbow
rCold    . . .     Gourm    .   (shield currently unavailable)
rNeg     . . .     Faith    .   c - +0 leather armour
rPois    .         Spirit   .   (no helmet)
rElec    .         Reflect  .   (no cloak)
rCorr    .         Harm     .   (no gloves)
MR       .....                  (no barding)
Stlth    +.........             (no amulet)
HPRegen  0.12/turn              (no ring)
MPRegen  0.09/turn              (no ring)

@: very quick
A: large, hooves 3, deformed body, speed 2, tough skin 3
a: no special abilities


You were on level 2 of the Dungeon.
You were very hungry.

You visited 1 branch of the dungeon, and saw 2 of its levels.

You collected 32 gold pieces.

Inventory:

Hand Weapons
 a - a +1 shortbow (weapon)
 b - a +0 short sword
Missiles
 d - 8 arrows (quivered)
Armour
 c - a +0 leather armour (worn)
Jewellery
 e - an uncursed ring of wizardry {unknown}
Scrolls
 h - 3 scrolls of identify {unknown}
 i - 2 scrolls of remove curse {unknown}
 j - a scroll of enchant armour {unknown}
 m - a scroll of magic mapping {unknown}
 n - a scroll of fog {unknown}
Potions
 g - 2 potions of haste {unknown}
 k - a potion of cancellation {unknown}
 l - a potion of might {unknown}
Comestibles
 f - 2 rations


   Skills:
 - Level 2.0 Fighting
 + Level 7.6 Bows
 - Level 1.3 Dodging
 - Level 0.4 Stealth


You had 3 spell levels left.
You didn't know any spells.
Your spell library was empty.

Dungeon Overview and Level Annotations

Branches:
Dungeon (2/15)

Altars:

Annotations:
D:2 1 runed translucent door, Crazy Yiuf


Innate Abilities, Weirdness & Mutations

You have hooves in place of feet.
Armour fits poorly on your strangely shaped body.
You cover ground very quickly.
You have extremely tough skin. (AC +3)


Message History

The leopard gecko bites you but does no damage.
The leopard gecko bites you but does no damage.
The leopard gecko barely misses you. The leopard gecko barely misses you. x2
The leopard gecko closely misses you. The leopard gecko bites you.
* * * LOW HITPOINT WARNING * * *
The leopard gecko completely misses you.
The leopard gecko closely misses you. The leopard gecko bites you.
* * * LOW HITPOINT WARNING * * *
The leopard gecko closely misses you. The leopard gecko closely misses you.
The leopard gecko bites you.
* * * LOW HITPOINT WARNING * * *
The leopard gecko barely misses you. The leopard gecko bites you.
* * * LOW HITPOINT WARNING * * *
The leopard gecko bites you.
You die...

#..# ###. #.#. #...#
#.... #.#.##...##.....
########.........#.#.##
.................#....##
##########.##....?......
....... ...%..........#
.###########...#l###..#
...........)....@.....#
.###.....###...#.###....
.# #.###.# #...#.# ..
.###....(# #...#.#
...#.....###...#.#
..................
##.#....####.....#
........# #.#....
##.#....# #.##.#


You could see a leopard gecko.

Vanquished Creatures
  Terence (D:2)
  Natasha (D:2)
  A worm (D:2)
  A dart slug (D:1)
  A ball python (D:1)
  5 bats
  2 giant cockroaches (D:1)
  2 goblins (D:2)
  2 hobgoblins (D:1)
  A kobold (D:2)
  2 quokkas (D:2)
  2 frilled lizards (D:1)
  4 rats
25 creatures vanquished.

Notes
Turn   | Place    | Note
-------+----------+-------------------------------------------
     0 | D:1      | PentaManta the Centaur Hunter began the quest for the Orb.
     0 | D:1      | Reached XP level 1. HP: 17/17 MP: 1/1
   229 | D:1      | Reached XP level 2. HP: 24/24 MP: 2/2
   234 | D:1      | Reached skill level 6 in Bows
   978 | D:2      | Found a runed translucent door.
   979 | D:2      | Noticed Crazy Yiuf
  1024 | D:2      | Noticed Terence
  1190 | D:2      | Killed Terence
  1190 | D:2      | Reached skill level 7 in Bows
  1190 | D:2      | Reached XP level 3. HP: 8/29 MP: 3/3
  1448 | D:2      | Noticed Natasha
  1457 | D:2      | Killed Natasha
  1457 | D:2      | Reached XP level 4. HP: 13/36 MP: 4/4
  1719 | D:2      | HP: 1/36 [leopard gecko (1)]
  1720 | D:2      | Slain by a leopard gecko

Skill      XL: |  1  2 |
---------------+-------+-----
Bows           | 7 |  7.6
Fighting       | |  2.0
Dodging        | |  1.3
Stealth        | |  0.4

Action                   |  1- 3 |  4- 6 || total
-------------------------+-------+-------++-------
Melee: Short sword       |    11 |     1 ||    12
       Kick              |       |     1 ||     1
 Fire: Shortbow          |    93 |    10 ||   103
Armor: Leather armour    |     8 |    22 ||    30
Dodge: Dodged            |    21 |    38 ||    59
